 Dungeon Crawl Stone Soup version 0.29-a0-668-g12ee2bf84d (webtiles) character file.

Game seed: 17922664791587544556

8416 zeratav the Fortune-Teller (level 11, -6/84 HPs)
             Began as a Formicid Fighter on June 23, 2022.
             Was a Believer of Nemelex Xobeh.
             Mangled by a boulder beetle (13 damage)
             ... on level 11 of the Dungeon.
             The game lasted 00:23:17 (15026 turns).

zeratav the Fortune-Teller (Formicid Fighter)      Turns: 15026, Time: 00:23:17

Health: -6/84      AC: 16    Str: 25    XL:     11   Next: 55%
Magic:  21/21      EV:  7    Int:  8    God:    Nemelex Xobeh [**....]
Gold:   637        SH:  5    Dex: 13    Spells: 10/10 levels left

rFire   + . .      SeeInvis +   x - +4 dire flail {mace}
rCold   + . .      Faith    .   c - +0 buckler
rNeg    . . .      Spirit   .   g - +0 plate armour
rPois   .          Reflect  .   (helmet unavailable)
rElec   .          Harm     .   (no cloak)
rCorr   .          Rampage  .   j - +0 pair of gloves
Will    +....                   d - +1 pair of boots
Stlth   ..........              (no amulet)
HPRegen 0.24/turn               t - ring of protection from cold
MPRegen 0.17/turn               y - ring of protection from fire

@: studying Bows
A: permanent stasis, dig shafts and tunnels, antennae 3, four strong arms
a: Dig, Shaft Self, Renounce Religion, Draw Escape, Draw Destruction, Draw
Summoning


You were on level 11 of the Dungeon.
You worshipped Nemelex Xobeh.
Nemelex Xobeh was pleased with you.
You visited 2 branches of the dungeon, and saw 12 of its levels.

You collected 637 gold pieces.


Innate Abilities, Weirdness & Mutations

You cannot be hasted, slowed, berserked, paralysed or teleported.
You can dig through walls and to a lower floor.
You have a pair of large antennae on your head. (SInv)
Your four strong arms can wield two-handed weapons with a shield.


   Skills:
 - Level 7.0 Fighting
 - Level 6.7(7.9) Axes
 + Level 6.1(7.6) Maces & Flails
 + Level 7.2 Armour
 - Level 5.0 Stealth
 - Level 4.0 Shields
 - Level 13.7 Invocations


You had 10 spell levels left.
You didn't know any spells.
Your spell library contained the following spells:

 Spells                   Type           Power      Damage    Failure   Level
 Foxfire                  Conj/Fire      0%         2x1d4     100%        1
 Freeze                   Ice            0%         1d3       100%        1
 Necrotize                Necr           0%         1d4       100%        1
 Summon Small Mammal      Summ           0%         N/A       100%        1
 Sublimation of Blood     Necr           0%         N/A       100%        2
 Wereblood                Tmut           0%         N/A       100%        2
 Call Canine Familiar     Summ           0%         N/A       100%        3
 Frozen Ramparts          Ice            0%         1d2       100%        3
 Ignite Poison            Fire/Tmut/Pois 0%         N/A       100%        3
 Mephitic Cloud           Conj/Pois/Air  0%         N/A       100%        3
 Summon Guardian Golem    Hex/Summ       0%         N/A       100%        3
 Hailstorm                Conj/Ice       0%         3d3       100%        4
 Freezing Cloud           Conj/Ice/Air   0%         6-21      100%        5
 Summon Hydra             Summ           0%         N/A       100%        7

Inventory:

Hand Weapons
 x - a +4 dire flail (weapon) {mace}
   (You took it off a wight on level 7 of the Dungeon)
 D - a +5 battleaxe {axe}
   (You took it off a wight on level 9 of the Dungeon)
Armour
 c - a +0 buckler (worn)
 d - a +1 pair of boots (worn)
   (You found it on level 6 of the Dungeon)
 g - a +0 plate armour (worn)
   (You found it on level 5 of the Dungeon)
 j - a +0 pair of gloves (worn)
   (You found it on level 1 of the Dungeon)
Jewellery
 t - a ring of protection from cold (left hand)
   (You found it on level 4 of the Dungeon)
 w - an amulet of the acrobat
   (You found it on level 10 of the Dungeon)
 y - a ring of protection from fire (right hand)
   (You found it on level 8 of the Dungeon)
 A - a ring of resist corrosion
   (You found it on level 9 of the Dungeon)
Wands
 f - a wand of charming (4)
   (You found it on level 5 of the Dungeon)
 p - a wand of quicksilver (2)
   (You found it on level 3 of the Dungeon)
 z - a wand of flame (22)
   (You found it on level 8 of the Dungeon)
Scrolls
 a - 2 scrolls of vulnerability {unknown}
 i - 2 scrolls of fog
 m - a scroll of brand weapon {unknown}
 n - 2 scrolls of poison {!r}
 o - 2 scrolls of enchant armour {unknown}
 q - 2 scrolls of fear {unknown}
 s - 2 scrolls of enchant weapon {unknown}
 B - a scroll of immolation {unknown}
 C - a scroll of acquirement {unknown}
 E - a scroll of magic mapping {unknown}
Potions
 b - 3 potions of heal wounds {@q2}
 e - 3 potions of attraction {unknown}
 h - 7 potions of curing {@q1}
 k - 3 potions of mutation {unknown}
 l - a potion of haste {unknown}
 r - 4 potions of brilliance {unknown}
 u - 2 potions of flight {unknown}
 v - 3 potions of lignification {unknown}

Dungeon Overview and Level Annotations

Branches:
Dungeon (11/15) Zot: 26962  Temple (1/1) D:7 Zot: 5738    Lair (0/6) D:10
    Orc: D:9-12

Altars:
Ashenzari
Cheibriados
Dithmenos
Elyvilon
Fedhas
Gozag
Hepliaklqana
Kikubaaqudgha
Makhleb
Nemelex Xobeh
Okawaru
Qazlal
Ru
Sif Muna
Trog
Uskayaw
Vehumet
Wu Jian
Xom
Yredelemnul
Zin
The Shining One
Beogh

Shops:
D:7

[
#........+
#........#
#........#
#........#
#........#
#........#
#.....B..#
####@#
#..<.#
#+####


You could see a boulder beetle.


Message History

a +0 dagger {short}; a +0 robe; an orc corpse
Items here: ( )) [[ ††.
You now have 626 gold pieces (gained 13).
Things that are here:
a +0 dagger {short}; a +0 robe; an orc corpse You see here a +0 ring mail.
You see here a +0 long sword {long}.
You now have 637 gold pieces (gained 11).
r - 4 grey potions (gained 1)
You open the door.
There is an open door here.
There is a stone staircase leading up here.
You enter the shallow water.
Moving in this stuff is going to be slow.
There is a stone staircase leading up here.
You enter the shallow water.
Moving in this stuff is going to be slow.
a - 2 scrolls labelled ONANGY IKAILIL (gained 1)
You enter the shallow water.
Moving in this stuff is going to be slow.
You enter the shallow water.
Moving in this stuff is going to be slow.
You see here a +0 helmet.
You enter the shallow water.
Moving in this stuff is going to be slow.
There is a stone staircase leading up here.
You enter the shallow water.
Moving in this stuff is going to be slow.
Partly explored, can't reach some places.
Partly explored, can't reach some places.
(D) Dungeon (T) Temple (L) Lair
Where to? (Enter - D:10, ? - help)
There is a stone staircase leading up here.
You enter the shallow water.
Moving in this stuff is going to be slow.
There is a stone staircase leading down here.
You climb downwards.
There is a stone staircase leading up here.
You open the door.
A boulder beetle comes into view.
There is an open door here.
The boulder beetle curls into a ball and begins rolling!
There is a stone staircase leading up here.
The boulder beetle hits you!!
The boulder beetle stops rolling and uncurls.
HP[-26]
You take 26 damage, and now have 58/84 hp.
MASSIVE DAMAGE!! (PAUSE)
You hit the boulder beetle.
You hit the boulder beetle but do no damage.
The boulder beetle bites you.
You hit the boulder beetle. The boulder beetle barely misses you.
You hit the boulder beetle but do no damage.
You block the boulder beetle's attack.
You sock the boulder beetle! The boulder beetle barely misses you.
You bludgeon the boulder beetle!!
The boulder beetle leaps!
HP[+1]
There is a stone staircase leading up here.
There is a stone staircase leading up here.
HP[+1]
You hit the boulder beetle but do no damage.
The boulder beetle bites you!
HP[-16]
You take 16 damage, and now have 44/84 hp.
You hit the boulder beetle.
The boulder beetle bites you but does no damage.
You hit the boulder beetle but do no damage.
The boulder beetle bites you but does no damage.
HP[+1]
You hit the boulder beetle but do no damage.
The boulder beetle bites you.
HP[-1]
You take 1 damage, and now have 44/84 hp.
You hit the boulder beetle. The boulder beetle bites you!
* * * LOW HITPOINT WARNING * * *
HP[-14]
You take 14 damage, and now have 30/84 hp.
You hit the boulder beetle but do no damage.
The boulder beetle leaps!
HP[+1]
The boulder beetle bites you.
* * * LOW HITPOINT WARNING * * *
There is an open door, spattered with blood here.
HP[-4]
You take 4 damage, and now have 27/84 hp.
You puncture the boulder beetle! The boulder beetle bites you.
* * * LOW HITPOINT WARNING * * *
HP[-5]
You take 5 damage, and now have 22/84 hp.
You hit the boulder beetle but do no damage.
You block the boulder beetle's attack.
You barely miss the boulder beetle. The boulder beetle bites you!
* * * LOW HITPOINT WARNING * * *
HP[-16]
You take 16 damage, and now have 6/84 hp.
You sock the boulder beetle! The boulder beetle barely misses you.
You hit the boulder beetle but do no damage.
The boulder beetle bites you!
You die...
Your body disappears without a glow.

Skill      XL: |  1  2  3  4  5  6  7  8  9 10 11 |
---------------+----------------------------------+-----
Stealth        | 1 2 5 |  5.0
Invocations    | 1 2 3 4 6 8 10 12 13 | 13.7
Fighting       | 4 5 6 7 |  7.0
Axes           | 4 6 |  6.7
Maces & Flails | 5 6 |  6.1
Armour         | 4 7 |  7.2
Shields        | |  4.0

Action                   |  1- 3 |  4- 6 |  7- 9 | 10-12 || total
-------------------------+-------+-------+-------+-------++-------
Melee: War axe           |   107 |    66 |   304 |    13 ||   490
       Dire flail        |       |       |       |   336 ||   336
Invok: Draw Escape       |       |       |       |     1 ||     1
       Draw Destruction  |       |       |       |     1 ||     1
 Abil: Dig               |       |     1 |     1 |       ||     2
Evoke: Wand              |       |     3 |     1 |     1 ||     5
  Use: Potion            |       |     2 |     2 |     2 ||     6
       Scroll            |       |       |     4 |     2 ||     6
 Stab: Sleeping          |       |       |     4 |       ||     4
Armor: Scale mail        |    53 |    40 |    64 |       ||   157
       Plate armour      |       |       |    90 |   195 ||   285
Dodge: Dodged            |    49 |    32 |    95 |    98 ||   274
Block: Buckler           |    29 |    16 |    76 |    94 ||   215

Levels and vault maps discovered:
D:1:      dpeg_arrival_windows_large_door, layout_loops_corners,
          dreamdust_ecumenical_altar_angels_and_demons, solitary_fountain,
          dreamdust_princess_corridor
D:2:      layout_basic, basic_altar
D:3:      layout_basic
D:4:      layout_cave_pools, nicolae_overflow_crystal_walls, serial_glass,
          glass_columns_a, glass_columns_b, glass_columns_a, glass_columns_a,
          glass_columns_b, glass_columns_a, hangedman_decor_push, uniq_pikel
D:5:      kb_forest_paths, layout_basic, mainiacjoe_overflow_chevrons,
          evilmike_ruin_ashenzari, enter_ossuary_1, lightli_church_of_beogh,
          uniq_grinder, uniq_menkaure, uniq_ijyb
D:6:      lemuel_ratsnest, layout_rooms, nicolae_sif_muna_little_library
D:7:      layout_rooms, nicolae_dithmenos_shadow_blocks,
          nicolae_overflow_hidden_temple, kennysheep_slug_shrine,
          minmay_temple_entry_gardened_gates, nicolae_shop_dragon_depot
D:8:      layout_loops_ring, grunt_temple_overflow_lords_of_destruction,
          minmay_manual_monolith
D:9:      layout_loops_ring
D:10:     layout_rooms, grunt_lair_entry_orc_guard_hut, serial_rivers,
          chequers_serial_rivers_small_3, chequers_serial_rivers_micro_b,
          chequers_serial_rivers_small_3, chequers_serial_rivers_room_b,
          chequers_serial_rivers_small_3, chequers_serial_rivers_marsh
D:11:     layout_roguey, serial_shops, shop
Temple:   nicolae_temple_figure_eight

Notes
Turn   | Place    | Note
-------+----------+-------------------------------------------
     0 | D:1      | zeratav the Formicid Fighter began the quest for the Orb.
     0 | D:1      | Reached XP level 1. HP: 18/18 MP: 1/1
     0 | D:1      | magus.rc [v1.9.6]
   193 | D:1      | Reached skill level 1 in Stealth
   193 | D:1      | Reached skill level 1 in Invocations
   249 | D:1      | Reached XP level 2. HP: 24/24 MP: 2/2
   578 | D:1      | Reached skill level 2 in Stealth
   780 | D:1      | Reached XP level 3. HP: 29/29 MP: 4/4
   796 | D:1      | Reached skill level 2 in Invocations
   960 | D:1      | Found a faded altar of an unknown god.
  2066 | D:3      | Reached XP level 4. HP: 11/35 MP: 5/5
  2348 | D:3      | Reached skill level 3 in Stealth
  2600 | D:3      | Reached skill level 3 in Invocations
  3080 | D:4      | Noticed a black bear
  3086 | D:4      | Killed a black bear
  3087 | D:4      | Reached skill level 5 in Stealth
  3087 | D:4      | Reached XP level 5. HP: 18/41 MP: 7/7
  3292 | D:4      | Noticed a lemure
  3294 | D:4      | Noticed Pikel
  3296 | D:4      | Noticed a lemure
  3302 | D:4      | HP: 10/41 [scorpion (2)]
  3303 | D:4      | HP: 4/41 [poisoned by a scorpion]
  3309 | D:4      | Noticed a lemure
  3314 | D:4      | Noticed a lemure
  3318 | D:3      | Reached skill level 4 in Fighting
  3318 | D:3      | Reached skill level 4 in Invocations
  3318 | D:3      | Reached XP level 6. HP: 28/48 MP: 7/9
  3602 | D:3      | HP: 12/48 [Pikel/+0 whip of flaming (3)]
  3603 | D:3      | HP: 4/48 [Pikel/+0 whip of flaming (3)]
  3606 | D:3      | Killed Pikel
  3607 | D:3      | Reached skill level 5 in Fighting
  3607 | D:3      | Reached skill level 6 in Invocations
  3607 | D:3      | Reached XP level 7. HP: 6/57 MP: 9/11
  4021 | D:4      | Found a hide-covered altar of Uskayaw.
  4385 | D:5      | Entered Level 5 of the Dungeon
  4399 | D:4      | Reached skill level 6 in Fighting
  4399 | D:4      | Reached XP level 8. HP: 49/64 MP: 12/12
  4648 | D:5      | Reached skill level 7 in Invocations
  4654 | D:5      | Found a broken altar of Ashenzari.
  4684 | D:5      | You pick up a book of Blood and begin reading...
  4684 | D:5      | You add the spells Sublimation of Blood, Wereblood and
                  | Summon Hydra to your library.
  4934 | D:5      | Reached skill level 7 in Fighting
  4962 | D:5      | Reached skill level 8 in Invocations
  5112 | D:5      | Reached skill level 3 in Axes
  5116 | D:5      | HP: 13/67 [gnoll/+0 halberd[a gnoll shaman] (6)]
  5401 | D:5      | Noticed Grinder
  5431 | D:5      | Killed Grinder
  5432 | D:5      | Reached skill level 4 in Axes
  5432 | D:5      | Reached XP level 9. HP: 20/72 MP: 15/15
  5680 | D:5      | Noticed Menkaure
  5687 | D:5      | Killed Menkaure
  5688 | D:5      | Reached skill level 9 in Invocations
  6081 | D:5      | Found a runed translucent door.
  6122 | D:5      | Found an iron altar of Okawaru.
  6336 | D:5      | Noticed Ijyb
  6348 | D:5      | Killed Ijyb
  6552 | D:5      | Reached skill level 5 in Axes
  6600 | D:5      | You add the spells Ignite Poison, Mephitic Cloud and
                  | Freezing Cloud to your library.
  7061 | D:6      | Found a shimmering blue altar of Sif Muna.
  7111 | D:6      | Reached skill level 10 in Invocations
  7336 | D:6      | HP: 18/72 [poisoned by a water moccasin]
  7632 | D:6      | Got Sif Muna's Volume of Dark Arts
  7634 | D:6      | Got Sif Muna's Almanac of Sinister Secrets
  7637 | D:6      | Got Sif Muna's Guide on Confrontation
  7830 | D:6      | Reached skill level 6 in Axes
  8182 | D:7      | Found a snail-covered altar of Cheibriados.
  8227 | D:7      | Found a staircase to the Ecumenical Temple.
  8242 | D:7      | Reached XP level 10. HP: 68/79 MP: 16/18
  8507 | Temple   | Entered the Ecumenical Temple
  8739 | Temple   | Became a worshipper of Nemelex Xobeh the Trickster
  8807 | D:7      | Reached skill level 11 in Invocations
  8822 | D:7      | Reached skill level 1 in Maces & Flails
  8826 | D:7      | HP: 17/78 [water moccasin (4)]
  8828 | D:7      | Reached skill level 2 in Maces & Flails
  8834 | D:7      | HP: 15/79 [howler monkey (4)]
  8838 | D:7      | HP: 7/79 [kobold/+0 short sword (4)]
  8845 | D:7      | HP: 5/79 [kobold/bolt (3)]
  9232 | D:7      | Found a basalt altar of Yredelemnul.
  9237 | D:7      | Found a shadowy altar of Dithmenos.
  9272 | D:7      | Reached skill level 3 in Maces & Flails
  9562 | D:7      | HP: 19/79 [something (4)]
  9865 | D:7      | Found Indra's Dragon-Slaying Spoils.
 10087 | D:8      | Reached skill level 4 in Maces & Flails
 10420 | D:8      | Found a radiant altar of Vehumet.
 10421 | D:8      | Found a burning altar of Makhleb.
 10817 | D:8      | Noticed an efreet
 10832 | D:8      | Killed an efreet
 10833 | D:8      | Reached skill level 5 in Maces & Flails
 11009 | D:8      | Noticed a boulder beetle
 11039 | D:8      | Killed a boulder beetle
 11040 | D:8      | Reached skill level 12 in Invocations
 11170 | D:8      | Reached * piety under Nemelex Xobeh
 11502 | D:9      | Reached skill level 4 in Armour
 11724 | D:9      | HP: 18/78 [centaur (2)]
 11729 | D:8      | HP: 12/78 [centaur (5)]
 11730 | D:8      | HP: 5/78 [centaur (2)]
 12063 | D:8      | Reached XP level 11. HP: 73/84 MP: 20/20
 12294 | D:9      | Reached skill level 5 in Armour
 12294 | D:9      | Reached skill level 13 in Invocations
 12709 | D:9      | Received a gift from Nemelex Xobeh
 13125 | D:10     | Entered Level 10 of the Dungeon
 13148 | D:10     | Reached skill level 6 in Armour
 13288 | D:10     | You pick up a book of Frost and begin reading...
 13288 | D:10     | You add the spells Freeze, Frozen Ramparts and Hailstorm to
                  | your library.
 13599 | D:10     | Found a staircase to the Lair.
 13723 | D:10     | Noticed a two-headed ogre
 13738 | D:10     | HP: 9/84 [two-headed ogre/+0 giant club (23)]
 13738 | D:10     | HP: 2/84 [two-headed ogre/+0 giant club (7)]
 13746 | D:10     | Killed a two-headed ogre
 13810 | D:10     | You pick up a book of Callings and begin reading...
 13810 | D:10     | You add the spells Summon Small Mammal, Call Canine
                  | Familiar and Summon Guardian Golem to your library.
 14107 | D:10     | HP: 21/84 [vampire mosquito (2)]
 14109 | D:10     | HP: 9/84 [vampire mosquito (3)]
 14117 | D:10     | Reached skill level 7 in Armour
 14118 | D:10     | Reached skill level 6 in Maces & Flails
 14120 | D:10     | HP: 7/84 [vampire mosquito (2)]
 14735 | D:10     | Reached ** piety under Nemelex Xobeh
 14991 | D:11     | Noticed a boulder beetle
 15024 | D:11     | HP: 6/84 [boulder beetle (16)]
 15026 | D:11     | Mangled by a boulder beetle

Vanquished Creatures
  A boulder beetle (D:8)
  A two-headed ogre (D:10)
  Pikel (D:3)
  An efreet (D:8)
  A troll (D:9)
  Grinder (D:5)
  3 yaks (D:9)
  2 wyverns (D:9)
  A wraith (D:10)
  A steam dragon (D:7)
  Menkaure (D:5)
  3 vampire mosquitoes (D:10)
  2 acid dragons
  4 water moccasins
  3 orc warriors
  3 black bears
  2 ogres
  4 centaurs
  3 kobold brigands
  4 bullfrogs
  A gnoll sergeant (D:8)
  2 necrophages (D:5)
  7 scorpions
  12 wights
  5 howler monkeys
  A crimson imp (D:8)
  A jelly (D:6)
  3 hounds
  A gnoll shaman (D:5)
  2 orc priests
  Ijyb (D:5)
  6 iguanas
  14 orc wizards
  8 gnolls
  5 adders
  6 river rats (D:6)
  2 shadow imps
  A white imp (D:7)
  3 ufetubi
  2 worms
  4 dart slugs
  43 orcs
  3 ball pythons (D:3)
  4 bats (D:1)
  3 endoplasms
  10 goblins
  6 hobgoblins
  8 quokkas
  4 frilled lizards
  11 kobolds
  25 rats
246 creatures vanquished.

Vanquished Creatures (others)
  2 demonic plants (D:1)
  11 fungi (D:10)
  10 plants
23 creatures vanquished.

Grand Total: 269 creatures vanquished

Table legend:
 A = Non-vault XP
 B = Vault XP
 C = Vault XP percentage of total XP
 D = Non-vault monster count
 E = Vault monster count
 F = Vault count percentage of total count
                 A         B        C        D         E       F
            +---------+---------+-------+---------+---------+-------
      Total |    8100 |    3924 |  32.6 |     164 |      82 |  33.3
            +---------+---------+-------+---------+---------+-------
        D:1 |      34 |       0 |   0.0 |      22 |       0 |   0.0
        D:2 |      27 |       0 |   0.0 |       7 |       0 |   0.0
        D:3 |     120 |     617 |  83.7 |      16 |       1 |   5.9
        D:4 |     305 |       0 |   0.0 |      20 |       0 |   0.0
        D:5 |     676 |    1016 |  60.0 |      15 |      34 |  69.4
        D:6 |     533 |     305 |  36.4 |      12 |      35 |  74.5
        D:7 |    1455 |       4 |   0.3 |      24 |       1 |   4.0
        D:8 |     764 |    1419 |  65.0 |      15 |       5 |  25.0
        D:9 |    2143 |     335 |  13.5 |      21 |       4 |  16.0
       D:10 |    2043 |     228 |  10.0 |      12 |       2 |  14.3
            +---------+---------+-------+---------+---------+-------

Illustrated notes

Table legend:
 A = Kills in this place as a percentage of kills in entire the game.
 B = Kills by you in this place as a percentage of kills by you in the entire game.
 C = Kills by friends in this place as a percentage of kills by friends in the entire game.
 D = Other kills in this place as a percentage of other kills in the entire game.
 E = Experience gained in this place as a percentage of experience gained in the entire game.
 F = Experience gained in this place divided by the number of levels of this place that you have seen.
                   A       B       C       D       E      F
               +-------+-------+-------+-------+-------+----------------------
         Total | 100.0 | 100.0 |   N/A |   N/A | 100.0 | 1002.0
       Dungeon | 100.0 | 100.0 |   N/A |   N/A | 100.0 | 1093.1
               +-------+-------+-------+-------+-------+----------------------

Table legend: (Time is in decaauts)
 A = Elapsed time spent in this place.
 B = Non-inter-level travel time spent in this place.
 C = Inter-level travel time spent in this place.
 D = Time resting spent in this place.
 E = Time spent auto-exploring this place.
 F = Levels seen in this place.
 G = Mean time per level.
                   A        B        C        D        E       F      G
               +--------+--------+--------+--------+--------+-----+--------+
         Total |  15223 |  14610 |    613 |   4569 |   7673 |  12 | 1268.6 |
       Dungeon |  14961 |  14406 |    555 |   4569 |   7471 |  11 | 1360.1 |
        Temple |    261 |    203 |     58 |      0 |    202 |   1 |  261.0 |
               +--------+--------+--------+--------+--------+-----+--------+

Top non-repeatable levels by time:
     D:5: 2366 daAuts
     D:9: 1744 daAuts
     D:6: 1687 daAuts
     D:8: 1659 daAuts
    D:10: 1587 daAuts
     D:3: 1436 daAuts
     D:7: 1331 daAuts
     D:4: 1107 daAuts
     D:1: 1068 daAuts
     D:2: 937 daAuts
  Temple: 261 daAuts
    D:11: 36 daAuts
